 Dungeon Crawl Stone Soup version 0.18.1-8-gdd0e5ea (webtiles) character file.

358 Gargoyl the Skirmisher (level 6, -6/72 HPs)
             Began as a Demonspawn Abyssal Knight on June 6, 2016.
             Was a Priest of Lugonu.
             Mangled by an ogre
             ... wielding a +0 giant spiked club
              (8 damage)
             ... on level 4 of the Dungeon.
             The game lasted 00:04:54 (2753 turns).

Gargoyl the Skirmisher (Demonspawn Abyssal Knight)  Turns: 2753, Time: 00:04:55

Health: -6/72      AC: 23    Str: 14    XL:     6   Next: 37%
Magic:  8/8        EV:  2    Int: 14    God:    Lugonu [***...]
Gold:   115        SH:  0    Dex: 12    Spells: 0 memorised, 5 levels left

rFire  . . .     SeeInvis .     r - +1 hand axe (elec)
rCold  . . .     Gourm    .     (armour currently unavailable)
rNeg   + + +     Faith    .     (no shield)
rPois  +         Spirit   .     (helmet currently unavailable)
rElec  .         Dismiss  .     (cloak currently unavailable)
rCorr  .         Reflect  .     (gloves currently unavailable)
SustAt .         Harm     .     (boots currently unavailable)
MR     .....     NoTele   +     (no amulet)
Stlth  ++........               (no ring)
                                (no ring)

@: tree-form, not resistant to hostile enchantments, unstealthy
A: (thin metallic scales 0), nightstalker 1, rot immunity
a: Depart the Abyss, Bend Space, Banish, Renounce Religion


You were on level 4 of the Dungeon.
You worshipped Lugonu.
Lugonu was most pleased with you.
You were not hungry.
You were a tree.
You visited 1 branch of the dungeon, and saw 4 of its levels.
You visited the Abyss 1 time.

You collected 115 gold pieces.

Inventory:

Hand Weapons
 r - a +1 hand axe of electrocution (weapon)
Missiles
 t - 5 tomahawks (quivered)
Armour
 e - a +0 scale mail (melded)
 g - a +0 pair of gloves (melded)
 p - a +2 cloak (melded)
Wands
 s - a wand of paralysis (15/24)
Scrolls
 b - a scroll of recharging {unknown}
 d - a scroll of magic mapping {unknown}
 h - a scroll of teleportation {unknown}
 i - 2 scrolls of amnesia {unknown}
 j - a scroll of enchant weapon {unknown}
 k - a scroll of blinking {unknown}
 m - 2 scrolls of identify {unknown}
 q - a scroll of remove curse {unknown}
Potions
 a - a potion of cure mutation {unknown}
 f - a potion of agility
 l - a potion of heal wounds {unknown}
 n - a potion of invisibility {unknown}
Comestibles
 c - 2 bread rations
 u - a meat ration
 v - 3 chunks of flesh


   Skills:
 + Level 4.0 Fighting
 + Level 3.1 Axes
 * Level 3.9 Armour
 + Level 2.7 Dodging
 + Level 0.2 Stealth
 + Level 2.9 Invocations


You had 5 spell levels left.
You didn't know any spells.

Dungeon Overview and Level Annotations

Branches:
Dungeon (4/15)
 Temple: D:4-7

Altars:
Dithmenos
Makhleb


Innate Abilities, Weirdness & Mutations

((You are partially covered in thin metallic scales (AC +2).))
You are slightly more attuned to the shadows.
You are immune to rotting.


Message History

The orc wizard looks braver for a moment.
You closely miss the ogre.
The ogre is moderately wounded.
The ogre hits you with a giant spiked club!!
* * * LOW HITPOINT WARNING * * *
You hit the ogre.
The ogre is moderately wounded.
Drink which item? (? for menu, Esc to quit)
You turn into a tree.
Your +2 cloak melds into your body.
Your +0 pair of gloves melds into your body.
Your +0 scale mail melds into your body.
Your roots penetrate the ground.
The ogre hits you but does no damage.
You closely miss the ogre.
The ogre is moderately wounded.
The ogre hits you with a giant spiked club.
* * * LOW HITPOINT WARNING * * *
You slash the ogre!
The ogre is heavily wounded.
The ogre hits you with a giant spiked club!
You die...

#.# #.# ...
.#
#.####.###
#.##.....#
#.##.....#.
#<##.......
#.##J....#.
#.♣Ooo.....
###########


You could see an ogre, an orc wizard, an ooze and an orc.

Vanquished Creatures
  The ghost of schorsch312 the Conjurer, an amateur DECj (D:3)
  A crimson imp (D:3)
  2 orc priests (D:3)
  An orc wizard (D:4)
  4 adders
  5 worms
  2 dart slugs (D:2)
  2 giant geckos
  7 orcs (D:3)
  9 bats
  A giant cockroach (D:3)
  7 goblins
  5 hobgoblins
  4 jackals (D:3)
  7 kobolds
  A quokka (D:3)
  2 ball pythons
  3 giant newts
  A jackal skeleton (D:4)
  11 rats
76 creatures vanquished.

Notes
Turn   | Place    | Note
--------------------------------------------------------------
     0 | Abyss:1  | Gargoyl the Demonspawn Abyssal Knight began the quest for the Orb.
     0 | Abyss:1  | Reached XP level 1. HP: 18/18 MP: 2/2
    31 | Abyss:1  | Found a corrupted altar of Lugonu.
    84 | Abyss:2  | Noticed a wretched star
    85 | D:1      | Escaped the Abyss
   250 | D:1      | Reached * piety under Lugonu
   259 | D:1      | Gained mutation: You are immune to rotting. [demonic ancestry]
   259 | D:1      | Reached XP level 2. HP: 19/24 MP: 3/3
   840 | D:2      | Gained mutation: You are slightly more attuned to the shadows. [demonic ancestry]
   840 | D:2      | Reached XP level 3. HP: 25/29 MP: 5/5
   964 | D:2      | Found a burning altar of Makhleb.
  1067 | D:2      | Reached skill level 1 in Dodging
  1524 | D:3      | Reached ** piety under Lugonu
  1870 | D:3      | Reached XP level 4. HP: 32/37 MP: 6/6
  2151 | D:3      | Noticed schorsch312's ghost (amateur DECj)
  2166 | D:3      | Killed schorsch312's ghost
  2166 | D:3      | Gained mutation: You are partially covered in thin metallic scales (AC +2). [demonic ancestry]
  2166 | D:3      | Reached XP level 5. HP: 12/42 MP: 7/7
  2191 | D:3      | Reached XP level 6. HP: 17/48 MP: 8/8
  2191 | D:3      | Reached skill level 4 in Fighting
  2559 | D:3      | Found a shadowy altar of Dithmenos.
  2735 | D:4      | Reached *** piety under Lugonu
  2749 | D:4      | HP: 2/48 [ogre/giant spiked club (22)]
  2753 | D:4      | Mangled by an ogre

Skill      XL: |  1  2  3  4  5  6 |
---------------+-------------------+-----
Axes           | 2 3 |  3.1
Armour         | 2 3 |  3.9
Dodging        | 1 2 |  2.7
Fighting       | 4 |  4.0
Stealth        | |  0.2
Invocations    | |  2.9

Action                   |  1- 3 |  4- 6 || total
-------------------------+-------+-------++-------
Melee: Hand axe          |   138 |    99 ||   237
Invok: Depart the Abyss  |     1 |       ||     1
  Use: Potion            |       |     3 ||     3
  Eat: Chunk             |     3 |     3 ||     6
Armor: Scale mail        |    68 |    58 ||   126
       Skin              |       |    10 ||    10
Dodge: Dodged            |    75 |    59 ||   134
